 Dungeon Crawl Stone Soup version bcrawl-1.36.3 (webtiles) character file.

Game seed: 12775980106468158683

426824 zzzzzzzz the Cleaver (level 11, -1/99 HPs)
             Began as a Minotaur Fighter on June 23, 2022.
             Was a Priest of Qazlal.
             Slain by a brown ugly thing (7 damage)
             ... on level 9 of the Dungeon.
             The game lasted 00:53:52 (8221 turns).

zzzzzzzz the Cleaver (Minotaur Fighter)             Turns: 8221, Time: 00:53:52

Health: -1/99      AC: 12    Str: 26    XL:     11   Next: 25%
Magic:  10/10      EV:  6    Int: 11    God:    Qazlal [***...]
Gold:   691        SH: 15    Dex: 10    Spells: 10/10 levels left

rFire    + . .     SeeInvis .   a - +1 war axe
rCold    + . .     Gourm    +   c - +0 medium shield
rNeg     + . .     Faith    .   B - +0 plate armour
rPois    .         Spirit   .   f - +0 hat {MR+}
rElec    .         Reflect  .   E - +0 cloak
rCorr    .         NoTele   +   m - +0 pair of gloves
MR       ++...                  (no boots)
Stlth    ..........             z - amulet of Departure {Gourm -Tele rC+ rN+ Str+2 Int+6}
HPRegen  0.26/turn              l - ring of protection from magic
MPRegen  0.12/turn              I - ring of protection from fire

@: corroded, heavily drained
A: retaliatory headbutt, horns 2
a: Upheaval, Elemental Force, Renounce Religion


You were on level 9 of the Dungeon.
You worshipped Qazlal.
Qazlal was most pleased with you.
You were full.

You visited 2 branches of the dungeon, and saw 11 of its levels.

You collected 691 gold pieces.

Inventory:

Hand Weapons
 a - a +1 war axe (weapon)
 n - a +0 hand axe of freezing
 v - a +2 war axe of draining
Armour
 c - a +0 medium shield (worn)
 d - a +0 hat
 f - a +0 hat of magic resistance (worn)
 m - a +0 pair of gloves (worn)
 B - a +0 plate armour (worn)
 D - a +0 pair of boots
 E - a +0 cloak (worn)
Jewellery
 l - a ring of protection from magic (left hand)
 t - an uncursed amulet of guardian spirit
 w - an uncursed ring of insulation
 y - an uncursed ring of resist corrosion
 z - the amulet of Departure (around neck) {Gourm -Tele rC+ rN+ Str+2 Int+6}
   (You found it on level 7 of the Dungeon)

   [amulet of the gourmand]

   It allows you to eat raw meat even when not hungry.
   It affects your strength (+2).
   It affects your intelligence (+6).
   It protects you from cold.
   It protects you from negative energy.
   It prevents most forms of teleportation.
 I - a ring of protection from fire (right hand)
Wands
 r - a wand of iceblast (20)
 s - a wand of charming (10)
 F - a wand of flame (22)
 H - a wand of random effects (11)
Scrolls
 g - a scroll of teleportation
 i - a scroll of immolation
 j - 3 scrolls of remove curse
 k - 2 scrolls of enchant weapon
 p - 4 scrolls of amnesia
 C - a scroll of fog
 G - a scroll of summoning {unknown}
Potions
 b - a potion of brilliance
 h - a potion of magic {unknown}
 o - 2 potions of berserk rage
 q - 3 potions of flight
 u - a potion of mutation {unknown}
 x - a potion of ambrosia {unknown}
 A - 2 potions of agility
Comestibles
 e - 9 rations {!d}


   Skills:
 + Level 9.8(7.9) Fighting
 + Level 10.5(8.6) Axes
   Level 0.0(4.9) Maces & Flails
 + Level 10.2(8.4) Armour
 + Level 8.1(6.3) Dodging
 + Level 10.2(8.4) Shields


You had 10 spell levels left.
You didn't know any spells.
Your spell library contained the following spells:

 Spells                   Type           Power        Failure   Level  Hunger
 Magic Dart               Conj           #...         100%        1    None
 Necrotize                Necr           #.....       100%        1    None
 Slow                     Hex            #.......     100%        1    None
 Blink                    Tloc           N/A          100%        2    ####...
 Call Imp                 Summ           #.....       100%        2    ####...
 Ensorcelled Hibernation  Hex/Ice        #.....       100%        2    ####...
 Searing Ray              Conj           #.......     100%        2    ####...
 Confuse                  Hex            #.......     100%        3    #####..
 Conjure Flame            Conj/Fire      #.......     100%        3    #####..
 Dazzling Orbs            Conj/Hex       #......      100%        3    #####..
 Iskenderun's Mystic Bla  Conj           #.......     100%        3    #####..
 Mephitic Cloud           Conj/Pois/Air  #.......     100%        3    #####..
 Spider Form              Tmut/Pois      #..          100%        3    #####..
 Tukima's Dance           Hex            #.......     100%        3    #####..
 Cause Fear               Hex            #.........   100%        4    ######.
 Fulminant Prism          Conj/Hex       #.........   100%        4    ######.
 Irradiate                Conj/Tmut      #.........   100%        5    #######


Dungeon Overview and Level Annotations

Branches:
Dungeon (10/12)            Temple (1/1) D:7            Lair (0/6) D:9
    Orc (0/1) D:9

Altars:
Ashenzari
Cheibriados
Dithmenos
Elyvilon
Fedhas
Gozag
Hepliaklqana
Kikubaaqudgha
Lugonu
Makhleb
Nemelex Xobeh
Okawaru
Qazlal
Ru
Sif Muna
Trog
Uskayaw
Vehumet
Wu Jian
Xom
Yredelemnul
Zin
The Shining One

Shops:
D:4 %   D:8 :


Innate Abilities, Weirdness & Mutations

You reflexively headbutt those who attack you in melee.
You have a pair of horns on your head.


Message History

You block the shadow imp's attack. The brown ugly thing trunk-slaps you.
You are splashed with acid!
* * * LOW HITPOINT WARNING * * *
You block the yak's attack. The yak gores you.
* * * LOW HITPOINT WARNING * * *
The shadow imp hits you but does no damage.
You cannot teleport because you are wearing the amulet of Departure {Gourm -Tele rC+ rN+ Str+2 Int+6}.
Your shield and plate armour prevent you from hitting the yak.
The yak is moderately wounded.
You hit the brown ugly thing but do no damage.
You hit the yak. You closely miss the shadow imp.
The worker ant waves its antennae.
The brown ugly thing trunk-slaps you.
* * * LOW HITPOINT WARNING * * *
You are splashed with acid!
* * * LOW HITPOINT WARNING * * *
You block the yak's attack. x2
The shadow imp hits you but does no damage.
The brown ugly thing trunk-slaps you!
You die...

.........##....# #..#
.........##....# ##.#
...............# ######'####
...............##### #.........#
...........##......####.<.......#
>..........##......##.+.........#
...................'..#.........#
...............5Y..####.........#
##........##a...@u.# #.........#
..........##...Y°..# #####'#####
...................# ##.#
......##...........# ##..#
##....##.......##### #..##
##.............# ####'######
...............# ####.........#
......######..#####..'.........#
......'.............##)..[.....#


You could see a brown ugly thing, 2 yaks, a worker ant and a shadow imp.

Vanquished Creatures
  Gastronok (D:8)
  A cyclops (D:9)
  An oklob plant (D:6)
  A komodo dragon (D:9)
  2 eyes of draining (D:8)
  A troll (D:8)
  2 hornets
  A hippogriff (D:8)
  A yak (D:10)
  The ghost of BreqofToren the Magician, an amateur FrWz (D:3)
  2 ice beasts
  3 ogres
  5 orc warriors
  3 sky beasts
  2 big kobolds (D:6)
  7 bullfrogs
  A gnoll sergeant (D:8)
  4 centaurs
  A water moccasin skeleton (D:6)
  3 scorpions
  2 howler monkeys
  10 orc priests
  A bullfrog zombie (D:9)
  A crimson imp (D:5)
  5 hounds
  9 jellies
  4 orc wizards
  2 iguanas (D:4)
  7 worker ants
  A hound zombie (D:6)
  A hound skeleton (D:8)
  2 worker ant zombies
  11 gnolls
  A howler monkey skeleton (D:4)
  9 adders
  13 oozes
  An adder skeleton (D:5)
  2 worms
  7 leopard geckos
  28 orcs
  A ball python (D:2)
  6 bats
  3 giant cockroaches
  6 goblins
  6 hobgoblins
  5 jackals (D:2)
  3 quokkas
  2 frilled lizards (D:2)
  A jackal zombie (D:5)
  21 kobolds
  3 rats
  A fungus (D:6)
  3 plants (D:9)
221 creatures vanquished.

Vanquished Creatures (others)
  A hobgoblin (D:9)
  3 fungi (D:6)
4 creatures vanquished.

Grand Total: 225 creatures vanquished

Notes
Turn   | Place    | Note
-------+----------+-------------------------------------------
     0 | D:1      | zzzzzzzz the Minotaur Fighter began the quest for the Orb.
     0 | D:1      | Reached XP level 1. HP: 19/19 MP: 0/0
   437 | D:1      | Reached XP level 2. HP: 27/27 MP: 1/1
   749 | D:2      | Noticed a howler monkey
   757 | D:2      | Killed a howler monkey
   758 | D:2      | Reached XP level 3. HP: 21/33 MP: 2/2
   816 | D:2      | Noticed a scorpion
   836 | D:2      | Killed a scorpion
   837 | D:2      | Reached skill level 1 in Dodging
   837 | D:2      | Reached XP level 4. HP: 21/41 MP: 3/3
   874 | D:2      | Found a faded altar of an unknown god.
  1006 | D:2      | Reached XP level 5. HP: 42/47 MP: 4/4
  1354 | D:3      | Found a runed translucent gate.
  1354 | D:3      | Found a runed translucent gate.
  1354 | D:3      | Found a runed translucent gate.
  1355 | D:3      | Noticed BreqofToren's ghost (amateur FrWz)
  1439 | D:3      | Found an opulent altar of Gozag.
  1598 | D:3      | Found an ancient bone altar of Kikubaaqudgha.
  1600 | D:3      | Found a shimmering blue altar of Sif Muna.
  1638 | D:3      | Found a radiant altar of Vehumet.
  1642 | D:3      | Identified Kikubaaqudgha's Volume of Stolen Souls
  1708 | D:3      | Found a stormy altar of Qazlal.
  1724 | D:3      | Became a worshipper of Qazlal Stormbringer
  1806 | D:3      | Reached skill level 5 in Armour
  1806 | D:3      | Reached XP level 6. HP: 53/53 MP: 3/5
  1874 | D:3      | Reached skill level 5 in Shields
  2272 | D:3      | Killed BreqofToren's ghost
  2273 | D:3      | Reached skill level 5 in Axes
  2383 | D:4      | Found a hide-covered altar of Uskayaw.
  2395 | D:4      | Reached XP level 7. HP: 59/60 MP: 6/6
  2465 | D:4      | Reached skill level 5 in Fighting
  2571 | D:4      | Reached * piety under Qazlal
  2912 | D:4      | Found Vyhinuf's Food Emporium.
  2919 | D:4      | Found a sparkling altar of Nemelex Xobeh.
  3096 | D:5      | Entered Level 5 of the Dungeon
  3310 | D:5      | Reached XP level 8. HP: 58/69 MP: 7/7
  4341 | D:6      | Got a brightly glowing leather armour
  4375 | D:6      | Reached XP level 9. HP: 32/78 MP: 6/8
  4508 | D:7      | Reached ** piety under Qazlal
  4768 | D:6      | Reached skill level 5 in Dodging
  5034 | D:6      | Noticed an oklob plant
  5072 | D:6      | Killed an oklob plant
  5252 | D:7      | Found a staircase to the Ecumenical Temple.
  5258 | Temple   | Entered the Ecumenical Temple
  5710 | D:7      | Found a bloodstained altar of Trog.
  5849 | D:7      | Found a basalt altar of Yredelemnul.
  5912 | D:7      | Got a coiled steel amulet
  6127 | D:7      | Found a shattered altar of Ashenzari.
  6399 | D:8      | Noticed Gastronok
  6499 | D:8      | Killed Gastronok
  6500 | D:8      | Reached XP level 10. HP: 32/91 MP: 9/9
  6576 | D:8      | Identified the amulet of Departure {Gourm -Tele rC+ rN+
                  | Str+2 Int+6} (You found it on level 7 of the Dungeon)
  6628 | D:8      | Found a snail-covered altar of Cheibriados.
  6705 | D:8      | Found Poec's Book Emporium.
  6767 | D:8      | Found a bloodstained altar of Trog.
  6772 | D:8      | Reached skill level 10 in Axes
  7260 | D:8      | Found a white marble altar of Elyvilon.
  7368 | D:9      | Found a staircase to the Lair.
  7473 | D:9      | Reached XP level 11. HP: 94/97 MP: 10/10
  7495 | D:9      | Reached skill level 10 in Armour
  7555 | D:8      | Reached skill level 10 in Shields
  7612 | D:9      | Reached *** piety under Qazlal
  7783 | D:9      | Noticed a cyclops
  7822 | D:9      | Killed a cyclops
  7831 | D:9      | Found a staircase to the Orcish Mines.
  8075 | D:9      | Identified the +1 leather armour of Fosefec {*Drain rC++
                  | Str+4 Int+3} (You found it on level 6 of the Dungeon)
  8203 | D:10     | Entered Level 10 of the Dungeon
  8206 | D:10     | Noticed a brown ugly thing
  8221 | D:9      | Slain by a brown ugly thing

Skill      XL: |  1  2  3  4  5  6  7  8  9 10 11 |
---------------+----------------------------------+-----
Fighting       | 4 5 6 9 |  9.8
Shields        | 4 5 6 7 9 10 | 10.2
Axes           | 3 4 5 6 7 9 10 | 10.5
Armour         | 4 5 6 7 9 10 | 10.2
Dodging        | 1 2 3 4 7 8 |  8.1

Action                   |  1- 3 |  4- 6 |  7- 9 | 10-12 || total
-------------------------+-------+-------+-------+-------++-------
Melee: War axe           |    51 |     4 |   233 |   139 ||   427
       Headbutt          |     4 |    24 |    62 |    38 ||   128
       Hand axe          |       |   139 |    70 |       ||   209
  Use: Scroll            |       |       |    13 |     4 ||    17
       Potion            |       |       |     4 |       ||     4
  Eat: Chunk             |     2 |     9 |    16 |    12 ||    39
       Ration            |       |       |     2 |     1 ||     3
Armor: Scale mail        |    33 |    63 |     3 |       ||    99
       Plate armour      |       |       |   182 |    59 ||   241
Dodge: Dodged            |    12 |    32 |    43 |    26 ||   113
Block: Medium shield     |    23 |    74 |   248 |   145 ||   490
